[ AOE2 MATCH · #457313545 ]
Team EWFranks vs Burgundians
[ REPLAY ANALYSIS · EXTRACTED FROM THE RECORDED GAME ]
Feudal
—
Castle
—
Imperial
—
| APM avg | 8.2 |
| APM peak | 21 |
| eAPM avg | 6.5 |
| Villagers / military | 7 / 2 |
Focus
⚔️ 23.5% · 🌾 76.5%
Scout Cavalry ×2
Feudal
—
Castle
—
Imperial
—
| APM avg | 40.5 |
| APM peak | 61 |
| eAPM avg | 14.4 |
| Villagers / military | 0 / 36 |
Focus
⚔️ 60.0% · 🌾 40.0%
Militia ×35 · Spearman ×1
Feudal
—
Castle
—
Imperial
—
| APM avg | 4.5 |
| APM peak | 25 |
| eAPM avg | 3.9 |
| Villagers / military | 9 / 0 |
Focus
⚔️ 13.3% · 🌾 86.7%
Feudal
10:29
Castle
—
Imperial
—
| APM avg | 30.4 |
| APM peak | 43 |
| eAPM avg | 19.7 |
| Villagers / military | 15 / 0 |
Focus
⚔️ 28.9% · 🌾 71.1%
Unknown (2550) ×37
Feudal
8:34
Castle
—
Imperial
—
| APM avg | 14.5 |
| APM peak | 35 |
| eAPM avg | 6.8 |
| Villagers / military | 19 / 5 |
Focus
⚔️ 20.7% · 🌾 79.3%
Militia ×5
Feudal
8:17
Castle
—
Imperial
—
| APM avg | 14.3 |
| APM peak | 25 |
| eAPM avg | 11.1 |
| Villagers / military | 21 / 5 |
Focus
⚔️ 17.3% · 🌾 82.7%
Bolas Rider ×5 · Unknown (2550) ×1
Feudal
—
Castle
—
Imperial
—
| APM avg | 11.8 |
| APM peak | 29 |
| eAPM avg | 10.6 |
| Villagers / military | 9 / 13 |
Focus
⚔️ 35.8% · 🌾 64.2%
Spearman ×13
Feudal
—
Castle
—
Imperial
—
| APM avg | 34.1 |
| APM peak | 43 |
| eAPM avg | 19.8 |
| Villagers / military | 17 / 47 |
Focus
⚔️ 56.2% · 🌾 43.8%
Flemish Militia ×47
Match map
Initial resources + every placement click. Lines = walls · curves = elevation contours. ◆ gold · ⬟ stone · ● berries · ✦ relic · ◌ wall gap
Your base· Open — unwalled flank
canodez's base
Walker0G's base
I like to play Random's base· Open — unwalled flank
Cucatrap's base· Open — unwalled flank
自 由's base· Open — unwalled flank
Sex_Offender_69's base· Open — unwalled flank
andyf.1904's base
Smoothed initial terrain · ◌ = detected wall gap · hover for details
Inputs per minute
— Red - - canodez
Build order — Red
26 actions detected in the replay
| 0:11 | Create | Villager (Male) |
| 0:11 | Create | Villager (Male) |
| 0:12 | Create | Villager (Male) |
| 0:12 | Create | Villager (Male) |
| 0:37 | Build | Stable |
| 0:49 | Build | Farm |
| 1:09 | Build | Mill |
| 1:14 | Create | Scout Cavalry |
| 1:15 | Create | Scout Cavalry |
| 1:20 | Build | House |
| 1:31 | Build | Palisade Gate |
| 1:45 | Build | House |
| 2:04 | Build | Farm |
| 2:09 | Build | Farm |
| 2:15 | Build | House |
| 2:17 | Build | House |
| 2:26 | Create | Villager (Male) |
| 2:26 | Create | Villager (Male) |
| 2:26 | Create | Villager (Male) |
| 2:40 | Build | House |
| 2:57 | Build | Palisade Gate |
| 3:01 | Build | House |
| 3:30 | Build | Market |
| 6:49 | Research | Castle Age |
| 7:47 | Build | Lumber Camp |
| 8:11 | Research | Padded Archer Armor |
Build order — canodez
49 actions detected in the replay
| 0:12 | Build | Barracks |
| 0:18 | Research | Man-at-Arms (upgrade) |
| 0:19 | Research | Scale Mail Armor |
| 0:46 | Create | Militia |
| 0:57 | Build | House |
| 1:01 | Create | Militia |
| 1:15 | Create | Militia |
| 1:22 | Build | House |
| 1:37 | Build | Barracks |
| 1:40 | Create | Militia |
| 1:40 | Create | Militia |
| 2:00 | Create | Militia |
| 2:01 | Create | Militia |
| 2:01 | Create | Militia |
| 2:26 | Create | Militia |
| 2:26 | Create | Militia |
| 2:41 | Create | Militia |
| 2:41 | Create | Militia |
| 3:11 | Create | Militia |
| 3:11 | Create | Militia |
| 3:11 | Create | Militia |
| 3:37 | Create | Militia |
| 3:38 | Create | Militia |
| 3:42 | Build | House |
| 3:45 | Build | House |
| 4:18 | Research | Forging |
| 4:53 | Create | Militia |
| 4:53 | Create | Militia |
| 4:54 | Create | Militia |
| 5:03 | Build | House |
| 5:07 | Create | Militia |
| 5:40 | Create | Militia |
| 5:41 | Create | Militia |
| 5:41 | Create | Militia |
| 6:04 | Create | Militia |
| 6:04 | Create | Militia |
| 6:07 | Build | House |
| 6:38 | Create | Militia |
| 6:39 | Create | Militia |
| 6:39 | Create | Militia |
| 6:49 | Create | Spearman |
| 6:51 | Build | House |
| 7:26 | Create | Militia |
| 7:26 | Create | Militia |
| 8:23 | Create | Militia |
| 8:23 | Create | Militia |
| 8:23 | Create | Militia |
| 8:23 | Create | Militia |
| 9:45 | Build | Market |
Build order — Walker0G
19 actions detected in the replay
| 0:04 | Create | Villager (Male) |
| 0:04 | Create | Villager (Male) |
| 0:04 | Create | Villager (Male) |
| 0:05 | Create | Villager (Male) |
| 0:49 | Build | Mill |
| 1:00 | Create | Villager (Male) |
| 1:00 | Create | Villager (Male) |
| 1:01 | Create | Villager (Male) |
| 1:01 | Create | Villager (Male) |
| 1:33 | Research | Double-Bit Axe |
| 1:50 | Research | Horse Collar |
| 1:54 | Create | Villager (Male) |
| 2:27 | Build | Farm |
| 2:42 | Build | Farm |
| 2:52 | Research | Wheelbarrow |
| 2:53 | Research | Town Watch |
| 3:03 | Build | Farm |
| 3:29 | Build | Farm |
| 3:31 | Research | Gold Mining |
Build order — I like to play Random
83 actions detected in the replay
| 0:02 | Create | Villager (Male) |
| 0:09 | Research | Tech 1402 |
| 0:13 | Build | Barracks |
| 0:16 | Create | Villager (Male) |
| 0:33 | Create | Unit 2550 |
| 0:55 | Research | Forging |
| 0:56 | Create | Unit 2550 |
| 1:11 | Build | Settlement |
| 1:15 | Create | Unit 2550 |
| 1:18 | Research | Arson |
| 1:22 | Build | Farm |
| 1:25 | Build | Farm |
| 1:27 | Create | Unit 2550 |
| 1:37 | Create | Unit 2550 |
| 1:44 | Create | Villager (Male) |
| 1:45 | Build | Farm |
| 1:52 | Build | House |
| 1:53 | Build | House |
| 1:54 | Build | House |
| 2:01 | Create | Unit 2550 |
| 2:08 | Create | Unit 2550 |
| 2:18 | Build | Farm |
| 2:26 | Create | Unit 2550 |
| 2:28 | Create | Unit 2550 |
| 2:42 | Create | Unit 2550 |
| 2:44 | Create | Villager (Male) |
| 2:44 | Create | Villager (Male) |
| 2:48 | Build | Farm |
| 3:09 | Create | Unit 2550 |
| 3:10 | Create | Unit 2550 |
| 3:12 | Create | Villager (Male) |
| 3:12 | Create | Villager (Male) |
| 3:34 | Research | Scale Mail Armor |
| 3:38 | Build | Market |
| 3:47 | Create | Unit 2550 |
| 3:56 | Create | Unit 2550 |
| 3:59 | Create | Villager (Male) |
| 4:34 | Create | Unit 2550 |
| 4:35 | Create | Unit 2550 |
| 4:36 | Create | Villager (Male) |
| 4:53 | Create | Unit 2550 |
| 4:55 | Create | Villager (Male) |
| 4:59 | Build | Farm |
| 5:01 | Build | Farm |
| 5:04 | Create | Villager (Male) |
| 5:14 | Create | Villager (Male) |
| 5:20 | Create | Unit 2550 |
| 5:21 | Create | Unit 2550 |
| 5:22 | Create | Villager (Male) |
| 5:42 | Create | Unit 2550 |
| 5:50 | Create | Unit 2550 |
| 5:59 | Create | Villager (Male) |
| 6:02 | Build | Farm |
| 6:03 | Build | Farm |
| 6:11 | Create | Unit 2550 |
| 6:26 | Create | Unit 2550 |
| 6:27 | Create | Unit 2550 |
| 6:28 | Create | Unit 2550 |
| 6:29 | Create | Villager (Male) |
| 6:44 | Create | Unit 2550 |
| 7:10 | Create | Unit 2550 |
| 7:12 | Create | Unit 2550 |
| 7:47 | Build | House |
| 7:47 | Build | House |
| 7:49 | Research | Castle Age |
| 7:49 | Create | Unit 2550 |
| 7:50 | Create | Unit 2550 |
| 7:57 | Create | Unit 2550 |
| 8:07 | Create | Unit 2550 |
| 8:28 | Create | Unit 2550 |
| 8:29 | Create | Unit 2550 |
| 9:00 | Create | Unit 2550 |
| 9:01 | Create | Unit 2550 |
| 9:22 | Create | Unit 2550 |
| 9:58 | Build | House |
| 10:02 | Build | Farm |
| 10:03 | Build | Farm |
| 10:29 | Age | Feudal Age |
| 10:29 | Research | Chain Mail Armor |
| 10:30 | Research | Chain Mail Armor |
| 10:33 | Research | Tech 1351 |
| 10:38 | Research | Squires |
| 11:17 | Research | Iron Casting |
Build order — Cucatrap
41 actions detected in the replay
| 0:04 | Create | Villager (Male) |
| 0:04 | Create | Villager (Male) |
| 0:04 | Create | Villager (Male) |
| 0:05 | Create | Villager (Male) |
| 0:05 | Create | Villager (Male) |
| 0:47 | Create | Villager (Male) |
| 0:56 | Build | Mill |
| 1:00 | Create | Villager (Male) |
| 1:22 | Create | Villager (Male) |
| 1:23 | Create | Villager (Male) |
| 1:30 | Create | Villager (Male) |
| 1:30 | Create | Villager (Male) |
| 1:38 | Build | House |
| 2:09 | Create | Villager (Male) |
| 2:24 | Build | Mill |
| 2:43 | Create | Villager (Male) |
| 3:30 | Research | Double-Bit Axe |
| 3:34 | Create | Villager (Male) |
| 3:38 | Build | House |
| 3:51 | Build | House |
| 4:03 | Create | Villager (Male) |
| 4:21 | Build | Mill |
| 5:14 | Build | Stable |
| 5:38 | Build | Stable |
| 5:46 | Research | Castle Age |
| 6:21 | Build | Stone Wall |
| 6:48 | Build | Stone Wall |
| 7:02 | Build | Market |
| 7:06 | Build | House |
| 7:17 | Create | Villager (Male) |
| 7:18 | Create | Villager (Male) |
| 7:29 | Build | Stone Wall |
| 7:37 | Build | Barracks |
| 7:54 | Create | Villager (Male) |
| 7:55 | Create | Villager (Male) |
| 8:25 | Create | Militia |
| 8:25 | Create | Militia |
| 8:26 | Create | Militia |
| 8:26 | Create | Militia |
| 8:28 | Create | Militia |
| 8:34 | Age | Feudal Age |
Build order — 自 由
51 actions detected in the replay
| 0:02 | Create | Villager (Male) |
| 0:03 | Create | Villager (Male) |
| 0:14 | Research | Double-Bit Axe |
| 0:58 | Create | Villager (Male) |
| 0:58 | Create | Villager (Male) |
| 1:09 | Create | Villager (Male) |
| 1:30 | Build | House |
| 1:31 | Build | House |
| 1:32 | Build | House |
| 1:36 | Create | Villager (Male) |
| 1:36 | Create | Villager (Male) |
| 2:15 | Build | Settlement |
| 2:24 | Create | Villager (Male) |
| 2:24 | Create | Villager (Male) |
| 2:39 | Create | Unit 2550 |
| 3:26 | Create | Villager (Male) |
| 3:26 | Create | Villager (Male) |
| 3:42 | Create | Villager (Male) |
| 3:57 | Build | Settlement |
| 4:02 | Build | Settlement |
| 4:12 | Build | Settlement |
| 4:18 | Create | Villager (Male) |
| 4:18 | Create | Villager (Male) |
| 4:36 | Build | Settlement |
| 4:50 | Build | Market |
| 4:57 | Research | Gold Mining |
| 5:03 | Create | Villager (Male) |
| 5:36 | Research | Castle Age |
| 6:55 | Research | Gold Mining |
| 6:58 | Research | Stone Mining |
| 8:17 | Age | Feudal Age |
| 8:32 | Research | Wheelbarrow |
| 8:37 | Research | Bow Saw |
| 8:52 | Build | Archery Range |
| 8:53 | Build | Archery Range |
| 9:41 | Research | Fletching |
| 9:45 | Create | Bolas Rider |
| 9:47 | Create | Bolas Rider |
| 9:52 | Build | Archery Range |
| 9:57 | Create | Villager (Male) |
| 9:57 | Create | Villager (Male) |
| 10:00 | Research | Gold Shaft Mining |
| 10:02 | Create | Villager (Male) |
| 10:02 | Create | Villager (Male) |
| 10:11 | Build | Town Center |
| 10:26 | Create | Bolas Rider |
| 10:27 | Create | Bolas Rider |
| 10:29 | Create | Bolas Rider |
| 10:41 | Create | Villager (Male) |
| 10:55 | Research | Padded Archer Armor |
| 11:00 | Create | Villager (Male) |
Build order — Sex_Offender_69
32 actions detected in the replay
| 0:13 | Create | Villager (Male) ×4 |
| 0:35 | Create | Villager (Male) |
| 0:35 | Create | Villager (Male) |
| 0:43 | Build | Farm |
| 1:05 | Create | Villager (Male) ×3 |
| 1:08 | Build | Farm |
| 1:21 | Build | House |
| 1:24 | Build | House |
| 1:28 | Build | House |
| 1:29 | Build | House |
| 1:50 | Build | House |
| 1:52 | Build | House |
| 1:54 | Build | House |
| 1:57 | Build | House |
| 2:04 | Build | House |
| 2:06 | Build | House |
| 2:08 | Build | House |
| 2:10 | Build | House |
| 2:16 | Build | House |
| 2:22 | Build | Farm |
| 2:23 | Build | Farm |
| 2:26 | Build | Farm |
| 3:17 | Build | Farm |
| 3:43 | Build | Palisade Gate |
| 3:49 | Build | Farm |
| 4:26 | Build | Archery Range |
| 4:36 | Build | Mining Camp |
| 6:38 | Build | Barracks |
| 6:43 | Create | Spearman ×5 |
| 6:43 | Create | Spearman ×5 |
| 6:44 | Create | Spearman ×3 |
| 8:39 | Research | Castle Age |
Build order — andyf.1904
82 actions detected in the replay
| 0:01 | Create | Villager (Male) |
| 0:04 | Research | Double-Bit Axe |
| 0:04 | Research | Double-Bit Axe |
| 0:07 | Create | Flemish Militia |
| 0:08 | Create | Flemish Militia |
| 0:08 | Create | Flemish Militia |
| 0:30 | Create | Villager (Male) |
| 0:31 | Create | Villager (Male) |
| 0:31 | Create | Villager (Male) |
| 0:35 | Build | House |
| 0:41 | Build | House |
| 0:42 | Create | Villager (Male) |
| 0:42 | Create | Villager (Male) |
| 0:58 | Create | Villager (Male) |
| 1:13 | Create | Flemish Militia |
| 1:13 | Create | Flemish Militia |
| 1:33 | Create | Flemish Militia |
| 1:34 | Create | Flemish Militia |
| 1:41 | Build | House |
| 1:44 | Build | House |
| 1:51 | Create | Flemish Militia |
| 1:53 | Create | Villager (Male) |
| 1:56 | Research | Scale Mail Armor |
| 1:57 | Research | Scale Mail Armor |
| 2:14 | Create | Villager (Male) |
| 2:31 | Create | Flemish Militia |
| 2:31 | Create | Flemish Militia |
| 2:31 | Create | Flemish Militia |
| 2:43 | Create | Flemish Militia |
| 2:43 | Create | Flemish Militia |
| 2:54 | Create | Villager (Male) |
| 2:54 | Create | Villager (Male) |
| 2:59 | Create | Flemish Militia |
| 2:59 | Create | Flemish Militia |
| 3:11 | Create | Flemish Militia |
| 3:18 | Create | Villager (Male) |
| 3:21 | Build | House |
| 3:22 | Build | House |
| 3:25 | Build | Barracks |
| 3:38 | Create | Villager (Male) |
| 3:39 | Create | Villager (Male) |
| 3:54 | Build | Mill |
| 3:56 | Create | Flemish Militia |
| 3:56 | Create | Flemish Militia |
| 4:17 | Create | Flemish Militia |
| 4:49 | Research | Forging |
| 4:49 | Research | Forging |
| 4:50 | Create | Villager (Male) |
| 4:51 | Create | Villager (Male) |
| 4:51 | Create | Villager (Male) |
| 4:53 | Build | House |
| 4:54 | Build | Palisade Gate |
| 5:17 | Create | Flemish Militia |
| 5:17 | Create | Flemish Militia |
| 6:46 | Create | Flemish Militia |
| 6:46 | Create | Flemish Militia |
| 7:26 | Create | Flemish Militia |
| 7:26 | Create | Flemish Militia |
| 7:26 | Create | Flemish Militia |
| 7:54 | Create | Flemish Militia |
| 7:54 | Create | Flemish Militia |
| 7:58 | Create | Flemish Militia |
| 7:59 | Create | Flemish Militia |
| 8:37 | Research | Arson |
| 8:39 | Create | Flemish Militia |
| 8:39 | Create | Flemish Militia |
| 8:39 | Create | Flemish Militia |
| 9:13 | Create | Flemish Militia |
| 9:13 | Create | Flemish Militia |
| 9:36 | Create | Flemish Militia |
| 9:36 | Create | Flemish Militia |
| 9:37 | Create | Flemish Militia |
| 10:09 | Create | Flemish Militia ×5 |
| 10:21 | Create | Flemish Militia |
| 10:22 | Create | Flemish Militia |
| 10:22 | Create | Flemish Militia |
| 10:22 | Create | Flemish Militia |
| 10:27 | Build | House |
| 10:28 | Build | House |
| 10:29 | Build | House |
| 10:29 | Build | House |
| 10:30 | Build | House |
Match timeline
| 0:12 | canodez · first_building Barracks |
| 0:13 | I like to play Random · first_building Barracks |
| 0:37 | Red · first_building Stable |
| 3:25 | andyf.1904 · first_building Barracks |
| 4:26 | Sex_Offender_69 · first_building Archery Range |
| 4:29 | Walker0G · resign |
| 5:14 | Cucatrap · first_building Stable |
| 5:50 | Red · first_market_sell 100 wood |
| 5:54 | Red · first_market_buy 100 food |
| 6:21 | Cucatrap · wall_segment Stone Wall x5 |
| 6:31 | I like to play Random · first_market_sell 500 wood |
| 6:35 | I like to play Random · first_market_buy 100 food |
| 6:38 | Sex_Offender_69 · first_building Barracks |
| 6:48 | Cucatrap · wall_segment Stone Wall x9 |
| 7:29 | Cucatrap · wall_segment Stone Wall x4 |
| 7:37 | Cucatrap · first_building Barracks |
| 8:17 | 自 由 · age_up feudal |
| 8:34 | Cucatrap · age_up feudal |
| 8:52 | 自 由 · first_building Archery Range |
| 10:29 | I like to play Random · age_up feudal |
[ AI ANALYSIS · 1 CREDIT ]
What really happened in this match?
Wolo.gg analyzes every decision: build order, eco, micro, common mistakes by bracket. Personalized analysis on WhatsApp or Discord in 30 seconds.
Civ guide
Franks
Map guide
Morass
Perfil
Jugador #18111237